 Dungeon Crawl Stone Soup version 0.31-a0-188-g5e087ee2ca (webtiles) character file.

Game seed: 13184768830090426419

17 qw the Shooter (level 2, -1/16 HPs)
             Began as a Deep Elf Hunter on June 23, 2023.
             Slain by a quokka (4 damage)
             ... on level 1 of the Dungeon.
             The game lasted 00:00:03 (49 turns).

qw the Shooter (Deep Elf Hunter)                      Turns: 49, Time: 00:00:04

Health: -1/16      AC:  3    Str:  8    XL:     2   Next: 44%
Magic:  4/4        EV: 12    Int: 13    God:
Gold:   0          SH:  0    Dex: 18    Spells: 1/1 levels left

rFire   . . .        a - +0 shortbow
rCold   . . .        (shield currently unavailable)
rNeg    . . .        c - +0 leather armour
rPois   .            (no helmet)
rElec   .            (no cloak)
rCorr   .            (no gloves)
SInv    .            (no boots)
Will    .....        (no amulet)
Stlth   ++           (no ring)
HPRegen 0.22/turn    (no ring)
MPRegen 0.09/turn

%: no passive effects
@: no status effects
A: no striking features
a: no special abilities


You were on level 1 of the Dungeon.
You visited 1 branch of the dungeon, and saw 1 of its levels.


   Skills:
 - Level 1.5 Fighting
 + Level 6.2 Ranged Weapons
 - Level 2.4 Dodging
 - Level 1.2 Stealth


You had one spell level left.
You didn't know any spells.
Your spell library was empty.

Inventory:

Hand Weapons
 a - a +0 shortbow (weapon)
Armour
 c - a +0 leather armour (worn)
Scrolls
 b - a scroll of butterflies

Dungeon Overview and Level Annotations

Branches:
Dungeon (1/15)

Altars:


Message History

The jackal closely misses you. The jackal misses you.
You shoot an arrow. The arrow hits the jackal.
You kill the jackal!
You shoot an arrow. The arrow closely misses the jackal.
The jackal bites you but does no damage.
The jackal bites you.
The jackal bites you but does no damage.
You shoot an arrow. The arrow closely misses the jackal.
The jackal bites you.
The jackal bites you but does no damage.
The jackal bites you. The jackal closely misses you.
You shoot an arrow. The arrow hits the jackal!
You kill the jackal!
The jackal barely misses you.
You shoot an arrow. The arrow hits the jackal!
You kill the jackal!
The ball python closely misses you. The ball python grabs you.
The ball python constricts you.
You shoot an arrow.
The arrow closely misses the ball python.
The ball python closely misses you. The ball python constricts you.
You shoot an arrow.
The arrow closely misses the ball python.
The ball python closely misses you. The ball python constricts you.
You shoot an arrow. The arrow hits the ball python.
You kill the ball python!
You shoot an arrow. The arrow misses the quokka.
The quokka bites you.
You shoot an arrow. The arrow hits the quokka.
The quokka is heavily wounded.
The quokka bites you. The quokka barely misses you.
You shoot an arrow. The arrow misses the quokka.
The quokka bites you but does no damage.
You shoot an arrow.
The arrow hits the quokka but does no damage.
The quokka is heavily wounded.
The quokka bites you but does no damage.
You shoot an arrow. The arrow completely misses the quokka.
The quokka bites you. x2
You die...

#.....# #..
#..><.# ..#
#.....###.#
#.....#.#.##
#####'#.#..###
#.........#
#######.#.##.###.
#.....'.#.#....).
#@###+#.#.....#
#.%..r%#
#...#.###.#.
..(.#####
###...).....# .#
###.......#
#..#.....
#.###..## #.# .##
#.# # ..#


You could see a quokka.

Vanquished Creatures
  A gnoll (D:1)
  4 jackals (D:1)
  A ball python (D:1)
  A frilled lizard (D:1)
7 creatures vanquished.

Notes
Turn   | Place    | Note
-------+----------+-------------------------------------------
     0 | D:1      | qw the Deep Elf Hunter began the quest for the Orb.
     0 | D:1      | Reached XP level 1. HP: 12/12 MP: 3/3
     0 | D:1      | 0 ||| qw: Version: 0.3-a-9-g12657ce
     0 | D:1      | 0 ||| qw: Game counter: 3821
     0 | D:1      | 0 ||| qw: Always use a shield: true
     0 | D:1      | 0 ||| qw: God list: Okawaru
     0 | D:1      | 0 ||| qw: Allow faded altars: false
     0 | D:1      | 0 ||| qw: Do Orc after D:15 true
     0 | D:1      | 0 ||| qw: Do second Lair branch before Depths: true
     0 | D:1      | 0 ||| qw: Lair rune preference: random
     0 | D:1      | 0 ||| qw: Plans: Normal
     0 | D:1      | 0 ||| PLANNING D:1-11
    17 | D:1      | Reached skill level 6 in Ranged Weapons
    17 | D:1      | Reached XP level 2. HP: 16/16 MP: 4/4
    49 | D:1      | HP: 3/16 [quokka (4)]
    49 | D:1      | Slain by a quokka

Levels and vault maps discovered:
D:1:      shiori_arrival_maze, layout_rooms, serial_bayou_ford_a,
          solitary_fountain, hangedman_abyss_or_decor_stabs

Skill      XL: |  1 |
---------------+----+-----
Ranged Weapons | 6 |  6.2
Fighting       | |  1.5
Dodging        | |  2.4
Stealth        | |  1.2

Action                     || total
---------------------------++-------
   Fire: Shortbow          ||    26
 Armour: Leather armour    ||     5
  Dodge: Dodged            ||     9

Table legend:
 A = Non-vault XP
 B = Vault XP
 C = Vault XP percentage of total XP
 D = Non-vault monster count
 E = Vault monster count
 F = Vault count percentage of total count
                 A         B        C        D         E       F
            +---------+---------+-------+---------+---------+-------
      Total |      25 |       0 |   0.0 |       7 |       0 |   0.0
            +---------+---------+-------+---------+---------+-------
        D:1 |      25 |       0 |   0.0 |       7 |       0 |   0.0
            +---------+---------+-------+---------+---------+-------
